 Dungeon Crawl Stone Soup version 0.27-a0-765-ge4d627daa3 (webtiles) character file.

Game seed: 10897747739278658471

140 shoop the Magician (level 5, -1/38 HPs)
             Began as a Djinni Venom Mage on Mar 25, 2021.
             Slain by a kobold
             ... wielding a +0 trident
              (6 damage)
             ... on level 3 of the Dungeon on Mar 26, 2021.
             The game lasted 00:07:17 (2858 turns).

shoop the Magician (Djinni Venom Mage)              Turns: 2858, Time: 00:07:18

Health: -1/38      AC:  6    Str:  7    XL:     5   Next: 22%
Gold:   82         EV: 12    Int: 18    God:
                   SH:  0    Dex: 13

rFire    + + .     SeeInvis .   b - +1 dagger (speed)
rCold    x . .     Faith    .   (no shield)
rNeg     . . .     Spirit   .   a - +0 robe
rPois    ∞         Reflect  .   (no helmet)
rElec    .         Harm     .   (no cloak)
rCorr    .         Rampage  .   (no gloves)
Will     .....                  (boots unavailable)
Stlth    ++........             (no amulet)
HPRegen  0.12/turn              d - +4 ring of protection
MPRegen  0.00/turn              (no ring)

@: flying
A: fire resistance 2, cold vulnerability 1, float, innate caster, hp casting,
extra vitality 1
a: no special abilities


You were on level 3 of the Dungeon.
You visited 1 branch of the dungeon, and saw 3 of its levels.

You collected 82 gold pieces.

Inventory:

Hand Weapons
 b - a +1 dagger of speed (weapon)
Armour
 a - a +0 robe (worn)
Jewellery
 d - a +4 ring of protection (right hand)
Scrolls
 e - 3 scrolls of enchant armour {unknown}
 f - a scroll of teleportation {unknown}
 g - 4 scrolls of amnesia {unknown}
 h - 2 scrolls of identify {unknown}
Potions
 c - a potion of lignification {unknown}
 i - a potion of flight {unknown}


   Skills:
 + Level 2.3 Fighting
 + Level 2.3 Short Blades
 - Level 2.2 Dodging
 - Level 1.5 Stealth
 + Level 3.6 Spellcasting


You couldn't memorise any spells.
You knew the following spells:

 Your Spells              Type           Power      Damage    Failure   Level
a - Sting                 Tmut/Pois      64%        1d6       3%          1
b - Poisonous Vapours     Pois/Air       32%        N/A       5%          2
c - Mephitic Cloud        Conj/Pois/Air  16%        N/A       11%         3
d - Ignite Poison         Fire/Tmut/Pois 16%        N/A       11%         3
e - Olgreb's Toxic Radia  Pois           16%        N/A       34%         4
f - Animate Skeleton      Necr           32%        N/A       3%          1
g - Ensorcelled Hibernat  Hex/Ice        32%        N/A       5%          2
Your spell library was empty.

Dungeon Overview and Level Annotations

Branches:
Dungeon (3/15)

Altars:

Annotations:
D:3 Terence


Innate Abilities, Weirdness & Mutations

You are immune to poison.
Your flesh is very heat resistant. (rF++)
You are vulnerable to cold. (rC-)
You float through the air rather than walking.
You learn spells naturally, not from books.
Your magical power is your life essence.
You have superior vitality. (+4 HP)


Message History

Unknown command.
You hit Terence but do no damage.
Terence is moderately wounded.
The giant cockroach bites you but does no damage.
A jackal comes into view.
The kobold hits you from afar with a +0 trident!
A jackal comes into view.
You are too injured to fight recklessly!
You are too injured to fight recklessly!
You are too injured to fight recklessly!
You are too injured to fight recklessly!
Unknown command.
The jackal barks!
You hit Terence but do no damage.
Terence is moderately wounded.
Terence hits you with a +0 hand axe!
* * * LOW HITPOINT WARNING * * *
The giant cockroach bites you.
* * * LOW HITPOINT WARNING * * *
An endoplasm comes into view.
Unknown command.
You hit Terence but do no damage.
Terence is moderately wounded.
The kobold drinks a potion.
The kobold seems to speed up.
Terence hits you with a +0 hand axe.
* * * LOW HITPOINT WARNING * * *
You hit Terence but do no damage.
Terence is heavily wounded.
The giant cockroach bites you but does no damage.
The kobold barely misses you.
You hit Terence but do no damage.
Terence is heavily wounded.
Terence barely misses you. The kobold hits you but does no damage.
The giant cockroach bites you but does no damage.
Unknown command.
You barely miss Terence.
Terence is heavily wounded.
The necrophage barely misses you.
The kobold hits you from afar with a +0 trident.
You die...

##. #...... ##
#.. ####..)... .
#.######.........
#.
#.##.....###.....
#!. ##.##.#####
#..... #.##..#..#
#.....
##.K#....##
#.....
#........##
######
..<#.@@....#
.....hnB....#
.......†....#
..J..#.h...##
.....#......(
.... ....[....
... ........###
... ........#


You could see a necrophage, Terence (poisoned), an endoplasm, 2 jackals, a giant
cockroach and a kobold (fast).

Vanquished Creatures
  Natasha (twice) (D:2)
  A worm (D:2)
  5 ball pythons
  8 bats
  3 endoplasms (D:1)
  2 giant cockroaches
  4 goblins
  6 hobgoblins
  8 jackals (D:1)
  2 quokkas
  A frilled lizard (D:1)
  7 kobolds
  5 rats (D:1)
54 creatures vanquished.

Vanquished Creatures (collateral kills)
  A bullfrog zombie (D:2)
  A worm (D:2)
  A quokka (D:1)
3 creatures vanquished.

Vanquished Creatures (others)
  5 toadstools (D:1)
5 creatures vanquished.

Grand Total: 62 creatures vanquished

Notes
Turn   | Place    | Note
-------+----------+-------------------------------------------
     0 | D:1      | shoop the Djinni Venom Mage began the quest for the Orb.
     0 | D:1      | Reached XP level 1. HP: 15/15 MP: 0/0
   260 | D:1      | Reached XP level 2. HP: 21/21 MP: 0/0
   392 | D:1      | Reached skill level 3 in Spellcasting
   403 | D:1      | Reached skill level 1 in Short Blades
   728 | D:1      | Reached XP level 3. HP: 24/26 MP: 0/0
   728 | D:1      | Learned a level 1 spell: Animate Skeleton
   853 | D:1      | Reached skill level 1 in Fighting
  1658 | D:2      | Reached XP level 4. HP: 3/33 MP: 0/0
  2115 | D:2      | Noticed Natasha
  2127 | D:2      | Killed Natasha
  2152 | D:2      | Noticed Natasha
  2157 | D:1      | HP: 1/33 [endoplasm (1)]
  2456 | D:2      | Killed Natasha
  2457 | D:2      | Reached XP level 5. HP: 16/38 MP: 0/0
  2457 | D:2      | Learned a level 2 spell: Ensorcelled Hibernation
  2846 | D:3      | Noticed Terence
  2848 | D:3      | Noticed a necrophage
  2858 | D:3      | Slain by a kobold

Illustrated notes

Levels and vault maps discovered:
D:1:      ldierk_walled_garden, layout_loops_cross
D:2:      layout_basic, supply_closet_lemuel, uniq_natasha
D:3:      layout_rooms, grunt_temple_overflow_holy_war, uniq_terence

Skill      XL: |  1  2  3  4 |
---------------+-------------+-----
Spellcasting   | 3 |  3.6
Short Blades   | 1 2 |  2.3
Fighting       | 1 2 |  2.3
Dodging        | |  2.2
Stealth        | |  1.5

Action                   |  1- 3 |  4- 6 || total
-------------------------+-------+-------++-------
Melee: Dagger            |   204 |    64 ||   268
 Cast: Sting             |    17 |    22 ||    39
       Animate Skeleton  |     4 |       ||     4
  Use: Potion            |       |     1 ||     1
 Stab: Sleeping          |     1 |       ||     1
Armor: Robe              |    64 |    22 ||    86
Dodge: Dodged            |   127 |    30 ||   157

Table legend: (Time is in decaauts)
 A = Elapsed time spent in this place.
 B = Non-inter-level travel time spent in this place.
 C = Inter-level travel time spent in this place.
 D = Time resting spent in this place.
 E = Time spent auto-exploring this place.
 F = Levels seen in this place.
 G = Mean time per level.
                   A        B        C        D        E       F      G
               +--------+--------+--------+--------+--------+-----+--------+
         Total |   2756 |   2681 |     75 |    585 |   1651 |   3 |  918.7 |
       Dungeon |   2756 |   2681 |     75 |    585 |   1651 |   3 |  918.7 |
               +--------+--------+--------+--------+--------+-----+--------+

Top non-repeatable levels by time:
     D:1: 1718 daAuts
     D:2: 926 daAuts
     D:3: 111 daAuts
